 Dungeon Crawl Stone Soup version 0.28.0 (webtiles) character file.

Game seed: 6573893794407847325

3896 zeram the Covert (level 10, -1/63 HPs)
             Began as an Octopode Fighter on Feb 13, 2022.
             Was an Initiate of Gozag.
             Slain by a wolf (9 damage)
             ... led by Grum
             ... on level 8 of the Dungeon.
             The game lasted 00:15:04 (10986 turns).

zeram the Covert (Octopode Fighter)                Turns: 10986, Time: 00:15:05

Health: -1/63      AC:  1    Str: 16    XL:     10   Next: 20%
Magic:  10/10      EV: 19    Int: 18    God:    Gozag
Gold:   490        SH:  6    Dex: 11    Spells: 9/9 levels left

rFire   . . .      SeeInvis .   s - +0 dagger
rCold   . . .      Faith    .   b - +1 buckler
rNeg    . . .      Spirit   .   e - +0 hat {Int+3}
rPois   .          Reflect  .   (no amulet)
rElec   .          Harm     .   i - +4 ring of evasion
rCorr   .          Rampage  .   (no ring)
Will    .....                   (no ring)
Stlth   +++++.....              (no ring)
HPRegen 0.20/turn               (no ring)
MPRegen 0.12/turn               (no ring)
                                (no ring)
                                (no ring)

@: gold aura
A: almost no armour, amphibious, 8 rings, camouflage 1, gelatinous body 1,
(nimble swimmer 1), tentacles
a: Renounce Religion, Potion Petition, Call Merchant, Bribe Branch


You were on level 8 of the Dungeon.
You worshipped Gozag.
Gozag was aware of your devotion.
You visited 2 branches of the dungeon, and saw 9 of its levels.
You also visited: Sewer.

You collected 609 gold pieces.
You paid 119 gold pieces to Gozag.

Inventory:

Hand Weapons
 a - a +0 rapier
 s - a +0 dagger (weapon)
Armour
 b - a +1 buckler (worn)
 e - a +0 hat of intelligence (worn)
Jewellery
 i - a +4 ring of evasion (left tentacle)
 l - the ring of Lies {Contam rPois rF- Dex+8 Slay+4}
   (You found it on level 8 of the Dungeon)

   [ring of slaying]

   Dex:       It affects your dexterity (+8).
   Slay:      It affects your accuracy & damage with ranged weapons and melee
   (+4).
   rF:        It makes you vulnerable to fire.
   rPois:     It protects you from poison.
   Contam:    It causes magical contamination when unequipped.
 p - a ring of ice
Wands
 c - a wand of paralysis (13)
 k - a wand of flame (13)
Scrolls
 d - 3 scrolls of teleportation
 f - 2 scrolls of blinking
 g - 2 scrolls of silence
 h - a scroll of torment
 m - 5 scrolls of identify
 n - a scroll of holy word
 q - 2 scrolls of fear
Potions
 j - a potion of degeneration
 r - a potion of mutation


   Skills:
 - Level 3.0 Fighting
 + Level 9.4 Short Blades
 + Level 6.9 Dodging
 + Level 9.9 Stealth
 + Level 5.1 Shields
 * Level 4.0 Summonings
 - Level 0.2 Evocations


You had 9 spell levels left.
You didn't know any spells.
Your spell library contained the following spells:

 Spells                   Type           Power      Damage    Failure   Level
 Freeze                   Ice            0%         1d3       28%         1
 Frozen Ramparts          Ice            0%         1d2       63%         3
 Summon Lightning Spire   Summ/Air       7%         N/A       77%         4
 Airstrike                Air            0%         N/A       95%         4
 Cause Fear               Hex            0%         N/A       95%         4
 Hailstorm                Conj/Ice       0%         3d3       95%         4
 Lightning Bolt           Conj/Air       0%         1d11      100%        5
 Dragon Form              Tmut           0%         N/A       100%        7
 Dragon's Call            Summ           7%         N/A       100%        9


Dungeon Overview and Level Annotations

Branches:
Dungeon (8/15)             Temple (1/1) D:7           Sewer (visited)
   Lair: D:8-11

Altars:
Ashenzari
Cheibriados
Dithmenos
Elyvilon
Fedhas
Gozag
Hepliaklqana
Kikubaaqudgha
Makhleb
Nemelex Xobeh
Okawaru
Qazlal
Ru
Sif Muna
Trog
Uskayaw
Vehumet
Wu Jian
Xom
Yredelemnul
Zin
The Shining One


Innate Abilities, Weirdness & Mutations

You cannot wear most types of armour.
You are amphibious.
You can wear up to eight rings at the same time.
Your skin changes colour to match your surroundings (Stealth+).
Your rubbery body absorbs attacks. (AC +1, EV +1)
((You are camouflaged when in or above water. (Stealth+)))
You have tentacles for arms and can constrict up to eight enemies at once.


Message History

You constrict Grum. You block the wolf's attack. The wolf misses you.
Grum misses you.
You hit Grum but do no damage.
Grum is severely wounded.
You constrict Grum. The wolf bites you but does no damage. The wolf bites you!
You hit Grum but do no damage.
Grum is severely wounded.
You constrict Grum. The wolf barely misses you. Grum misses you.
The wolf closely misses you.
You hit Grum. You squeeze Grum, but do no damage.
Grum is almost dead.
You constrict Grum. The wolf bites you. The wolf closely misses you.
You hit Grum but do no damage.
Grum is almost dead.
You constrict Grum. Grum hits you with a -2 spear!!
* * * LOW HITPOINT WARNING * * *
The wolf completely misses you. The wolf bites you!
* * * LOW HITPOINT WARNING * * *
Unknown command.
It was a potion of curing.
You feel better.
You recover from your berserk rage.
You constrict Grum.
You kill Grum!
You block the wolf's attack. The wolf barely misses you.
You miss the wolf. Your grab misses the wolf. Your squeeze misses the wolf.
You block the wolf's attack. The wolf barely misses you.
You hit the wolf but do no damage. Your grab misses the wolf.
You squeeze the wolf.
The wolf is lightly wounded.
The wolf is distracted by your dazzling golden aura.
The wolf completely misses you.
The wolf howls!
You hit the wolf but do no damage.
The wolf is no longer distracted by gold.
You grab the wolf. You squeeze the wolf.
The wolf is moderately wounded.
You constrict the wolf, but do no damage.
You block the wolf's attack. The wolf bites you!
You die...
Your body crumbles into a pile of gold.

##..# #...... #..# ##..... #..#
##### ##..#.. ##.#######...#
##..#### #..##.......## #..## #
#............# ##..# #
##............# #######..#### #
#.............####...........###
##.............@h............##.
#.............$h............##.
#
##...........#..............##.
# #)..........###............##.
## #.##.......##
#.............#. .# #.####.....#
#.............#. .###.# #######
##............... .##.##
#......(.... #.. .##.#
#...........


You could see 2 wolves.

Vanquished Creatures
  An ugly thing (D:8)
  A wyvern (D:8)
  Grum (D:8)
  Edmund (D:4)
  Menkaure (D:5)
  2 water moccasins
  An orc warrior (D:7)
  2 sky beasts
  3 necrophages
  A centaur (D:8)
  5 phantoms
  3 bullfrogs
  A scorpion (D:6)
  A water moccasin zombie (D:5)
  A water moccasin skeleton (D:6)
  3 wights
  A howler monkey (D:6)
  A centaur zombie (D:8)
  2 jellies
  Crazy Yiuf (D:3)
  A hound (D:6)
  4 centaur skeletons
  4 orc priests
  2 bullfrog skeletons
  6 orc wizards
  Ijyb (D:4)
  2 gnoll shamans
  3 iguanas
  Robin (D:2)
  13 adders
  6 gnolls
  A howler monkey skeleton (D:5)
  3 river rats (D:5)
  An ufetubus (D:5)
  3 worms
  6 dart slugs
  28 orcs
  7 ball pythons
  8 bats
  3 endoplasms
  5 giant cockroaches
  10 goblins
  10 hobgoblins
  2 jackals (D:2)
  11 quokkas
  9 frilled lizards
  4 kobolds
  11 rats
198 creatures vanquished.

Vanquished Creatures (collateral kills)
  An orc warrior (D:8)
  An orc wizard (D:8)
  An orc (D:8)
3 creatures vanquished.

Vanquished Creatures (others)
  4 toadstools (D:1)
4 creatures vanquished.

Grand Total: 205 creatures vanquished

Notes
Turn   | Place    | Note
-------+----------+-------------------------------------------
     0 | D:1      | zeram the Octopode Fighter began the quest for the Orb.
     0 | D:1      | Reached XP level 1. HP: 16/16 MP: 1/1
   210 | D:1      | Reached XP level 2. HP: 17/21 MP: 2/2
   981 | D:2      | Reached XP level 3. HP: 26/26 MP: 3/3
  1232 | D:2      | Reached skill level 1 in Stealth
  1529 | D:2      | Reached XP level 4. HP: 31/31 MP: 4/4
  1647 | D:3      | Noticed Robin
  2024 | D:2      | Killed Robin
  2343 | D:3      | Reached XP level 5. HP: 26/36 MP: 5/5
  3160 | D:3      | Found a shimmering blue altar of Sif Muna.
  3220 | D:3      | Found a runed translucent door.
  3221 | D:3      | Noticed Crazy Yiuf
  3378 | D:3      | Found a faded altar of an unknown god.
  3517 | D:3      | Killed Crazy Yiuf
  3518 | D:3      | Reached XP level 6. HP: 42/42 MP: 6/6
  3574 | D:4      | Noticed Ijyb
  3582 | D:4      | Killed Ijyb
  3904 | D:4      | Noticed Edmund
  3932 | D:4      | Killed Edmund
  3933 | D:4      | Reached skill level 5 in Stealth
  3933 | D:4      | Reached XP level 7. HP: 22/46 MP: 7/7
  4181 | D:4      | Reached skill level 5 in Short Blades
  4960 | D:5      | Entered Level 5 of the Dungeon
  4993 | D:4      | Reached skill level 5 in Dodging
  5297 | D:5      | Reached XP level 8. HP: 46/52 MP: 8/8
  5385 | D:5      | Found a glowing drain.
  5391 | Sewer    | Entered a sewer
  5783 | D:5      | Identified a scroll of acquirement
  5783 | D:5      | Acquired a +0 hat of intelligence
  7107 | D:6      | Reached skill level 1 in Summonings
  7107 | D:6      | Reached XP level 9. HP: 56/56 MP: 9/9
  7162 | D:6      | Noticed Menkaure
  7377 | D:5      | HP: 2/56 [Menkaure (20)]
  7378 | D:5      | Killed Menkaure
  8386 | D:7      | Found a staircase to the Ecumenical Temple.
  8449 | Temple   | Entered the Ecumenical Temple
  9100 | Temple   | Became a worshipper of Gozag Ym Sagoz the Greedy
 10253 | D:8      | Noticed Grum
 10269 | D:8      | HP: 2/56 [wolf[Grum] (7)]
 10571 | D:8      | Identified the ring of Lies {Contam rPois rF- Dex+8 Slay+4}
 10764 | D:8      | Reached skill level 5 in Shields
 10764 | D:8      | Reached XP level 10. HP: 50/62 MP: 10/10
 10917 | D:8      | Noticed a white ugly thing
 10930 | D:8      | Killed a white ugly thing
 10982 | D:8      | HP: 3/63 [wolf[Grum] (7)]
 10983 | D:8      | Killed Grum
 10986 | D:8      | Slain by a wolf

Illustrated notes

Levels and vault maps discovered:
D:1:      ldierk_walled_garden_2, layout_rooms
D:2:      layout_loops_ring, minmay_hedge_maze, minmay_misc_feat_doors
D:3:      layout_basic, lemuel_coloured_pillars_altar,
          chequers_ecumenical_altar_lobes, grunt_decor_junction, uniq_robin,
          uniq_crazy_yiuf_cottage
D:4:      layout_rooms, minmay_quantized, uniq_ijyb, uniq_edmund
D:5:      layout_basic, lightli_sewer_entry_pipes
D:6:      layout_rooms, uniq_menkaure
D:7:      layout_loops_corners, minmay_temple_entry_grid
D:8:      layout_cave_pods, chequers_serial_rivers_micro_a, lightli_orcish_oven,
          uniq_grum
Temple:   nicolae_temple_the_god_donut

Skill      XL: |  1  2  3  4  5  6  7  8  9 10 |
---------------+-------------------------------+-----
Stealth        | 1 2 3 5 7 9 |  9.9
Short Blades   | 3 4 6 7 9 |  9.4
Dodging        | 4 5 6 |  6.9
Shields        | 4 5 |  5.1
Summonings     | 1 3 4 |  4.0
Fighting       | |  3.0
Evocations     | |  0.2

Action                   |  1- 3 |  4- 6 |  7- 9 | 10-12 || total
-------------------------+-------+-------+-------+-------++-------
Melee: Rapier            |    72 |   106 |   292 |       ||   470
       Tentacles         |    15 |    20 |    79 |    10 ||   124
       Constrict         |    21 |    23 |    65 |     3 ||   112
       Punch             |       |     1 |     7 |     1 ||     9
       Dagger            |       |       |    41 |    22 ||    63
Evoke: Wand              |       |     1 |     2 |       ||     3
  Use: Scroll            |     2 |     2 |    15 |       ||    19
       Potion            |       |     3 |     1 |     2 ||     6
 Stab: Sleeping          |     5 |     9 |    26 |     1 ||    41
       Distracted        |       |       |     3 |       ||     3
       Invisible         |       |       |     1 |       ||     1
Armor: Skin              |    23 |    19 |     7 |     1 ||    50
Dodge: Dodged            |    54 |    58 |   191 |    14 ||   317
Block: Buckler           |    21 |    23 |    57 |     4 ||   105
